 Dungeon Crawl Stone Soup version 0.30-a0-381-g6ea064c7b4 (webtiles) character file.

Game seed: 9214291037090651927

80 bande the Trooper (level 4, -1/29 HPs)
             Began as a Gargoyle Fighter on Dec 1, 2022.
             Killed by divine providence
             ... invoked by an orc priest
              (13 damage)
             ... on level 4 of the Dungeon.
             The game lasted 00:02:05 (1159 turns).

bande the Trooper (Gargoyle Fighter)                Turns: 1159, Time: 00:02:07

Health: -1/29      AC: 10    Str: 19    XL:     4   Next: 39%
Magic:  4/4        EV:  9    Int:  9    God:
Gold:   68         SH:  5    Dex: 11    Spells: 3/3 levels left

rFire   . . .      SeeInvis .    a - +1 war axe
rCold   . . .      Faith    .    c - +1 buckler
rNeg    + . .      Spirit   .    b - +0 scale mail
rPois   ∞          Reflect  .    (no helmet)
rElec   +          Harm     .    (no cloak)
rCorr   .          Rampage  .    (no gloves)
Will    .....                    (no boots)
Stlth   ..........               (no amulet)
HPRegen 0.24/turn                (no ring)
MPRegen 0.09/turn                (no ring)

@: no status effects
A: sickness immunity, AC +3, negative energy resistance 1, electricity
resistance, torment resistance 1, petrification resistance
a: no special abilities


You were on level 4 of the Dungeon.
You visited 1 branch of the dungeon, and saw 3 of its levels.

You collected 68 gold pieces.

Inventory:

Hand Weapons
 a - a +1 war axe (weapon)
 g - a +0 flail
Armour
 b - a +0 scale mail (worn)
 c - a +1 buckler (worn)
Scrolls
 e - a scroll of identify
Potions
 d - a potion of might
 f - a potion of ambrosia


   Skills:
 + Level 3.9 Fighting
 + Level 2.9 Axes
 + Level 3.8 Armour
 + Level 3.8 Shields


You had 3 spell levels left.
You didn't know any spells.
Your spell library contained the following spells:

 Spells                   Type           Power      Damage    Failure   Level
 Shock                    Conj/Air       0%         1d3       83%         1
 Ensorcelled Hibernation  Hex/Ice        0%         N/A       93%         2
 Passwall                 Tmut/Erth      0%         N/A       93%         2
 Inner Flame              Hex/Fire       0%         N/A       99%         3
 Portal Projectile        Hex/Tloc       0%         N/A       99%         3
 Swiftness                Air            0%         N/A       99%         3
 Tukima's Dance           Hex            0%         N/A       99%         3
 Airstrike                Air            0%         2d(0-16)  100%        4
 Cause Fear               Hex            0%         N/A       100%        4
 Blade Hands              Tmut           0%         N/A       100%        5
 Discord                  Hex            0%         N/A       100%        8


Dungeon Overview and Level Annotations

Branches:
Dungeon (4/15)
 Temple: D:4-7

Altars:


Innate Abilities, Weirdness & Mutations

You are immune to sickness and miasma.
Your stone body is resilient. (AC +3)
You are immune to poison.
You resist negative energy. (rN+)
You are resistant to electric shocks. (rElec)
You are resistant to unholy torment.
You are immune to petrification.


Message History

The orc priest shouts!
You hear a shout!
An orc comes into view. It is wielding a +0 club.
There are monsters nearby!
An orc comes into view. It is wielding a +0 club.
Found a stone staircase leading down.
The orc shouts!
The orc moves out of view.
An orc comes into view. It is wielding a +0 falchion.
You closely miss the orc.
The orc shouts!
The orc hits you but does no damage.
You slash the orc!
You kill the orc!
The orc priest hits you but does no damage.
You hit the orc priest.
The orc priest is moderately wounded.
The orc priest hits you but does no damage.
You barely miss the orc priest.
The orc priest is moderately wounded.
The orc priest hits you with a +0 short sword.
You closely miss the orc. The orc misses you.
You slash the orc!
You kill the orc!
You barely miss the orc. The orc completely misses you.
The orc priest miscasts a cantrip.
You block the orc's attack.
You slash the orc!
You kill the orc!
The orc priest mumbles some strange prayers to Beogh against you.
Beogh smites you!
Found a scroll of noise.
The orc priest hits you but does no damage.
Items here: ))) †.
You hit the orc priest.
The orc priest is heavily wounded.
The orc priest calls down the wrath of Beogh upon you.
Pain shoots through your body!
The orc priest calls down the wrath of Beogh upon you.
Beogh smites you!
You die...

#..# # #..# #. .####
#..# ##.. ....###..##
..... ......#..^#
..... ..........#
.....? ..........####
#......
...))........####...#
...)..#######...@o.#
......# #####..#
......# #..# ......#
..# ##...## ... ###.#
...# # ### ..>. ##
.... .###


You could see an orc priest.

Vanquished Creatures
  An adder (D:2)
  3 worms (D:2)
  7 orcs (D:4)
  4 bats
  5 endoplasms
  6 giant cockroaches
  3 goblins
  2 hobgoblins
  3 kobolds
  4 quokkas
  6 ball pythons
  4 frilled lizards
  3 rats
51 creatures vanquished.

Notes
Turn   | Place    | Note
-------+----------+-------------------------------------------
     0 | D:1      | bande the Gargoyle Fighter began the quest for the Orb.
     0 | D:1      | Reached XP level 1. HP: 14/14 MP: 1/1
    93 | D:1      | Reached XP level 2. HP: 19/19 MP: 2/2
   595 | D:2      | Reached XP level 3. HP: 24/24 MP: 3/3
   954 | D:2      | Reached XP level 4. HP: 21/29 MP: 4/4
  1059 | D:2      | You fall into a shaft and drop 2 floors!
  1159 | D:4      | Killed from afar by an orc priest

Illustrated notes

Levels and vault maps discovered:
D:1:      lightli_arrival_quake, layout_rooms, st_stairs_12, dk_noncrumbling_3
D:2:      minmay_diamond_boxcup, layout_rooms
D:4:      layout_cave_pods, minmay_temple_entry_tees, serial_shops,
          nicolae_shop_statue_plus

Skill      XL: |  1  2  3 |
---------------+----------+-----
Axes           | 2 |  2.9
Fighting       | |  3.9
Armour         | |  3.8
Shields        | |  3.8

Action                   |  1- 3 |  4- 6 || total
-------------------------+-------+-------++-------
Melee: War axe           |    84 |    29 ||   113
  Use: Scroll            |     6 |       ||     6
Armor: Scale mail        |    41 |    20 ||    61
Dodge: Dodged            |    39 |    20 ||    59
Block: Buckler           |    20 |     8 ||    28

Table legend: (Time is in decaauts)
 A = Elapsed time spent in this place.
 B = Non-inter-level travel time spent in this place.
 C = Inter-level travel time spent in this place.
 D = Time resting spent in this place.
 E = Time spent auto-exploring this place.
 F = Levels seen in this place.
 G = Mean time per level.
                   A        B        C        D        E       F      G
               +--------+--------+--------+--------+--------+-----+--------+
         Total |   1208 |   1195 |     13 |      0 |    886 |   3 |  402.7 |
       Dungeon |   1208 |   1195 |     13 |      0 |    886 |   3 |  402.7 |
               +--------+--------+--------+--------+--------+-----+--------+

Top non-repeatable levels by time:
     D:1: 580 daAuts
     D:2: 521 daAuts
     D:4: 105 daAuts
